 Dungeon Crawl Stone Soup version 0.31-a0-236-g9a0961fb85 (webtiles) character file.

Game seed: 14890756526844878323

254 Shard1697 the Chopper (level 6, -5/52 HPs)
             Began as a Meteoran Berserker on July 10, 2023.
             Was a Believer of Trog.
             Slain by a gnoll
             ... wielding a +0 spear
             ... led by a gnoll sergeant
              (7 damage)
             ... on level 6 of the Dungeon.
             The game lasted 00:04:24 (1099 turns).

Shard1697 the Chopper (Meteoran Berserker)          Turns: 1099, Time: 00:04:24

Health: -5/52      AC:  7    Str: 20    XL:     6   Next: 65%
Magic:  7/7        EV: 10    Int:  9    God:    Trog [**....]
Gold:   91         SH:  0    Dex: 14    Spells: 5/5 levels left

rFire   . . .        a - +0 hand axe
rCold   . . .        (no shield)
rNeg    . . .        d - +0 scale mail
rPois   .            g - +0 helmet
rElec   .            (no cloak)
rCorr   .            (no gloves)
SInv    .            (no boots)
Will    .....        (no amulet) Stlth
                     (no ring)
HPRegen 0.28/turn    (no ring)
MPRegen 0.10/turn

%: no passive effects
@: brilliant, on berserk cooldown, attractive, hasted and slowed, glowing
A: sense surroundings 1, otherworldly, glowing, explore regen, subdued magic 1
a: Renounce Religion, Berserk, Trog's Hand


You were on level 6 of the Dungeon.
You worshipped Trog.
Trog was pleased with you.
You visited 1 branch of the dungeon, and saw 4 of its levels.

You collected 91 gold pieces.

Inventory:

Hand Weapons
 a - a +0 hand axe (weapon)
Armour
 d - a +0 scale mail (worn)
 g - a +0 helmet (worn)
 l - the scarf of Quantum Leap {shadows, Str+6}
   (You found it on level 3 of the Dungeon)

   Str:       It affects your strength (+6).
Scrolls
 b - 3 scrolls of identify {unknown}
 i - a scroll of enchant armour {unknown}
 j - a scroll of teleportation {unknown}


   Skills:
 + Level 4.2 Fighting
 + Level 7.4 Axes
 - Level 2.4 Armour
 - Level 2.4 Dodging


You had 5 spell levels left.
You didn't know any spells.
Your spell library was empty.

Dungeon Overview and Level Annotations

Branches:
Dungeon (3/15) Zot: 1283

Altars:


Innate Abilities, Weirdness & Mutations

You passively map a small area around you.
You are easily found by Zot.
You glow in the dark.
You regain HP and MP as you explore.
Your spells are a little easier to cast, but a little less powerful.


Message History

The gnoll hits you but does no damage. The gnoll completely misses you.
The gnoll hits you with a +0 flail!
* * * LOW HITPOINT WARNING * * *
You feel better. The gnoll barely misses you. x2
You hit the gnoll.
The gnoll is severely wounded.
You feel the effects of Trog's Hand fading.
The gnoll hits you but does no damage. The gnoll barely misses you.
You hit the gnoll.
You kill the gnoll!
Trog accepts your kill. The gnoll closely misses you.
The gnoll throws a throwing net.
The throwing net hits you.
You become entangled in the net!
You struggle against the net.
The gnoll hits you but does no damage.
You struggle against the net.
The gnoll hits you from afar with a +0 spear. x2
You shred the net and break free!
Your skin stops crawling.
You feel less strong-willed.
The gnoll hits you from afar with a +0 spear.
* * * LOW HITPOINT WARNING * * *
The gnoll hits you from afar with a +0 spear.
* * * LOW HITPOINT WARNING * * *
It was a potion of mutation.
You feel extremely strange.
Your connection to magic feels subdued.
The gnoll hits you from afar with a +0 spear.
* * * LOW HITPOINT WARNING * * *
It was a potion of attraction.
You feel attractive to monsters. The gnoll hits you but does no damage.
The gnoll barely misses you. The gnoll is attracted toward you.
You closely miss the gnoll. The gnoll hits you with a +0 spear!
* * * LOW HITPOINT WARNING * * *
It was a potion of haste.
You feel yourself speed up. The gnoll hits you but does no damage.
The gnoll hits you with a +0 spear.
* * * LOW HITPOINT WARNING * * *
It was a potion of brilliance.
You feel clever all of a sudden. The gnoll barely misses you.
You hit the gnoll but do no damage. The gnoll hits you with a +0 spear!
You die... #.####.###..######... , #......# #........# , ######## #.#######...
Y #.# gg #.# *,,, .gg

* #.# * .h., *
#.# ..
#.########.#.#.#
#..@g).........#
,
#########.######
*... , *####* *


You could see a gnoll.

Vanquished Creatures
  A gnoll sergeant (D:6)
  A scorpion (D:3)
  A hound (D:6)
  Robin (D:2)
  2 gnolls (D:6)
  3 adders
  5 ball pythons
  4 bats
  An endoplasm (D:1)
  4 giant cockroaches (D:1)
  14 goblins
  2 hobgoblins (D:2)
  A quokka (D:1)
  A frilled lizard (D:2)
  5 kobolds
  8 rats
54 creatures vanquished.

Notes
Turn   | Place    | Note
-------+----------+-------------------------------------------
     0 | D:1      | Shard1697 the Meteoran Berserker began the quest for the
                  | Orb.
     0 | D:1      | Reached XP level 1. HP: 19/19 MP: 2/2
    71 | D:1      | Reached skill level 4 in Axes
    78 | D:1      | Reached XP level 2. HP: 26/26 MP: 3/3
   124 | D:1      | Found a faded altar of an unknown god.
   390 | D:1      | Reached XP level 3. HP: 31/31 MP: 4/4
   506 | D:2      | Reached skill level 5 in Axes
   562 | D:2      | Noticed Robin
   568 | D:2      | Reached XP level 4. HP: 38/38 MP: 5/5
   569 | D:2      | Reached ** piety under Trog
   574 | D:2      | Killed Robin
   754 | D:2      | Reached skill level 6 in Axes
   902 | D:3      | Identified the scarf of Quantum Leap {shadows, Str+6}
   922 | D:3      | Noticed a scorpion
   939 | D:3      | Killed a scorpion
   940 | D:3      | Reached XP level 5. HP: 39/45 MP: 6/6
   999 | D:3      | You fall into a shaft and drop 3 floors!
  1048 | D:6      | Noticed a gnoll sergeant
  1048 | D:6      | Noticed a sky beast
  1065 | D:6      | Reached skill level 7 in Axes
  1065 | D:6      | Reached XP level 6. HP: 52/52 MP: 7/7
  1094 | D:6      | Gained mutation: Your spells are a little easier to cast,
                  | but a little less powerful. [potion of mutation]
  1096 | D:6      | HP: 2/52 [gnoll/+0 spear[a gnoll sergeant] (8)]
  1099 | D:6      | Slain by a gnoll

Illustrated notes

Levels and vault maps discovered:
D:1:      shiori_arrival_elements, layout_basic,
          chequers_ecumenical_altar_simple
D:2:      cheibrodos_old_hovel, layout_basic, uniq_robin
D:3:      layout_loops_ring, mrwooster_statue_mirror,
          minmay_fractal_squares_gapless_5
D:6:      layout_loops_ring, nicolae_ru_path_of_blood, temple_doors_e,
          st_stairs_4, amethyst_killhole, grunt_ministairs_9, grunt_decor_cap,
          nicolae_elemental_shop, minmay_unpleasant_kobolds

Skill      XL: |  1  2  3  4  5  6 |
---------------+-------------------+-----
Axes           | 4 5 6 7 |  7.4
Fighting       | 4 |  4.2
Armour         | |  2.4
Dodging        | |  2.4

Action                     |  1- 3 |  4- 6 || total
---------------------------+-------+-------++-------
  Melee: Hand axe          |    76 |    96 ||   172
         Punch             |     1 |       ||     1
 Invoke: Berserk           |     2 |     1 ||     3
         Trog's Hand       |       |     1 ||     1
    Use: Potion            |       |     6 ||     6
 Armour: Animal skin       |     9 |       ||     9
         Scale mail        |    30 |    45 ||    75
  Dodge: Dodged            |    32 |    46 ||    78

Table legend: (Time is in decaauts)
 A = Elapsed time spent in this place.
 B = Non-inter-level travel time spent in this place.
 C = Inter-level travel time spent in this place.
 D = Time resting spent in this place.
 E = Time spent auto-exploring this place.
 F = Levels seen in this place.
 G = Mean time per level.
                   A        B        C        D        E       F      G
               +--------+--------+--------+--------+--------+-----+--------+
         Total |   1115 |   1065 |     50 |      0 |     37 |   4 |  278.8 |
       Dungeon |   1115 |   1065 |     50 |      0 |     37 |   4 |  278.8 |
               +--------+--------+--------+--------+--------+-----+--------+

Top non-repeatable levels by time:
     D:1: 469 daAuts
     D:2: 387 daAuts
     D:3: 156 daAuts
     D:6: 102 daAuts
